AoeStats
← Privilege

Arena

506887526Analyzed
4v4 RM · 16d ago on Sep 15, 2026· 34m 26s· 8 players
Game mode
Random Map
Map size
Large (8 player)
Population
200
Speed
Normal
Resources
Standard
Victory
Conquest
Starting age
Dark Age
Ending age
Imperial Age
RankedLock teamsTeams togetherTeam positionsShared explorationLock speedFull tech treeHidden civsTurbo modeCheats
Victory
Defeat
🇨🇳 Dravidians · China
1498
+12
🇨🇳 Burmese · China
1442
+14
🇨🇳 Vikings · China
1426
+15
🇨🇳 Armenians · China
1365
+17
🇨🇳 Italians · China
1574
-21
🇨🇳 Jurchens · China
1508
-18
🇨🇳 Turks · China
1298
-11
🇨🇳 Khitans · China
1238
-8
椒香三角铁
10:13 Feudal Age
11:06 Double-Bit Axe
13:50 Castle Age
12:15 Horse Collar
24:30 Wheelbarrow
25:10 Bow Saw
28:58 Imperial Age
26:22 Loom
27:46 Scale Barding Armor
27:51 Forging
28:07 Hand Cart
28:44 Bloodlines
28:35 Husbandry
30:23 Chain Barding Armor
34:05 Light Cavalry
坐边抗压沙包人
11:16 Feudal Age
14:50 Castle Age
12:39 Double-Bit Axe
13:16 Domestication
20:03 Loom
28:01 Bow Saw
Privilege
10:28 Feudal Age
11:36 Double-Bit Axe
14:03 Castle Age
12:37 Horse Collar
15:37 Bow Saw
21:50 Wheelbarrow
21:43 Loom
23:26 Gold Mining
24:35 Hand Cart
25:15 Stone Mining
28:19 Imperial Age
25:56 Fletching
27:02 Bodkin Arrow
28:01 Stone Shaft Mining
27:53 Heavy Plow
27:41 Treadmill Crane
28:12 Masonry
28:05 Padded Archer Armor
29:07 Thumb Ring
30:06 Chemistry
29:07 Bracer
29:57 Conscription
29:22 Elite Genoese Crossbowman
32:31 Ballistics
心如止水
10:55 Feudal Age
11:28 Double-Bit Axe
14:25 Castle Age
12:30 Horse Collar
15:32 Wheelbarrow
16:55 Husbandry
23:36 Bow Saw
25:30 Gold Mining
26:12 Heavy Plow
26:50 Loom
29:55 Imperial Age
27:11 Town Watch
28:11 Bloodlines
28:07 Devotion
28:53 Hand Cart
29:44 Scale Barding Armor
30:22 Gold Shaft Mining
29:56 Stone Mining
30:52 Chain Barding Armor
30:48 Forging
33:14 Plate Barding Armor
33:17 Iron Casting
33:26 Conscription
33:28 Fletching
34:02 Artillery
sb Zilove_
9:45 Feudal Age
13:41 Castle Age
12:26 Loom
13:16 Double-Bit Axe
13:23 Gold Mining
16:54 Sanctity
16:55 Fervor
20:20 Redemption
30:29 Imperial Age
29:17 Fletching
31:29 Block Printing
31:40 Illumination
31:50 Theocracy
34:05 Conscription
unhappy
10:44 Feudal Age
11:40 Double-Bit Axe
14:33 Castle Age
12:40 Horse Collar
15:48 Bow Saw
17:06 Wheelbarrow
22:01 Heavy Plow
23:31 Gold Mining
27:30 Imperial Age
25:44 Loom
26:15 Hand Cart
26:21 Hand Cart
26:21 Fletching
26:32 Padded Archer Armor
26:55 Ballistics
26:58 Bodkin Arrow
27:27 Bodkin Arrow
27:45 Thumb Ring
28:14 Bracer
29:16 Chemistry
29:13 Husbandry
29:54 Leather Archer Armor
30:08 Conscription
29:42 Elite Elephant Archer
30:39 Medical Corps
31:28 Ring Archer Armor
32:58 Guilds
33:55 Scale Mail Armor
34:06 Forging
34:58 Chain Mail Armor
luoul
10:52 Feudal Age
11:21 Horse Collar
14:23 Castle Age
15:27 Heavy Plow
17:49 Wheelbarrow
21:12 Gold Mining
21:11 Loom
23:16 Gold Shaft Mining
27:27 Imperial Age
25:19 Hand Cart
24:51 Town Watch
25:12 Stone Mining
25:00 Pikeman
25:40 Squires
26:25 Scale Mail Armor
26:35 Forging
26:43 Town Patrol
26:15 Man-at-Arms
26:41 Gambesons
26:41 Arson
27:05 Long Swordsman
28:31 Chain Mail Armor
28:52 Iron Casting
27:48 Capped Ram
29:43 Siege Engineers
30:38 Chemistry
29:59 Ballistics
30:15 Plate Mail Armor
31:23 Conscription
30:36 Halberdier
32:17 Blast Furnace
34:31 Guilds
Zilove_
11:13 Feudal Age
11:51 Double-Bit Axe
14:53 Castle Age
12:51 Horse Collar
15:47 Bow Saw
20:01 Heavy Plow
21:47 Gold Mining
23:19 Gold Shaft Mining
22:35 Stone Mining
22:44 Stone Mining
24:24 Loom
24:44 Scale Mail Armor
24:54 Forging
27:22 Imperial Age
25:40 Chain Mail Armor
24:51 Man-at-Arms
25:32 Squires
25:18 Gambesons
25:55 Long Swordsman
27:14 Iron Casting
26:27 Arson
28:49 Plate Mail Armor
27:42 Capped Ram
28:16 Two-Handed Swordsman
29:27 Champion
32:02 Conscription
31:51 Chieftains
Connection lost

Rejoining the realm…

Still unreachable

The connection could not be restored.

Session expired

The server has moved on; the page needs a fresh start.